 Dungeon Crawl Stone Soup version 0.25-a0-189-gf71692caf1 (webtiles) character file.

Game seed: 15147564420845756795, levelgen mode: deterministic

160 kae the Changer (level 5, -1/55 HPs)
             Began as a Demonspawn Transmuter on Nov 29, 2019.
             Slain by an orc wizard
             ... wielding a +0 dagger
              (2 damage)
             ... on level 4 of the Dungeon.
             The game lasted 00:03:02 (2581 turns).

kae the Changer (Demonspawn Transmuter)             Turns: 2581, Time: 00:03:02

Health: -1/55      AC:  8    Str: 15    XL:     5   Next: 17%
Magic:  0/8        EV: 12    Int: 14    God:
Gold:   213        SH:  0    Dex: 15    Spells: 2/8 levels left

rFire    . . .     SeeInvis .     - Unarmed
rCold    . . .     Gourm    .   (no shield)
rNeg     . . .     Faith    .   b - +0 robe
rPois    +         Spirit   +   n - +1 helmet
rElec    .         Reflect  .   (no cloak)
rCorr    .         Harm     .   (no gloves)
MR       .....                  j - +1 pair of boots
Stlth    ..........             q - amulet of guardian spirit
HPRegen  0.18/turn              h - ring of poison resistance
MPRegen  0.11/turn              (no ring)

@: berserking, very quick
A: talons 1, iridescent scales 1, demonic guardian 1, nightstalker 1
a: no special abilities


You were on level 4 of the Dungeon.
You were very hungry.

You visited 1 branch of the dungeon, and saw 4 of its levels.

You collected 213 gold pieces.

Inventory:

Missiles
 a - 70 arrows
Armour
 b - a +0 robe (worn)
 j - a +1 pair of boots (worn)
 n - a +1 helmet (worn)
Jewellery
 h - a ring of poison resistance (left hand)
 q - an amulet of guardian spirit (around neck)
Scrolls
 g - a scroll of enchant armour
 i - 4 scrolls of remove curse
 t - a scroll of teleportation
 u - a scroll of amnesia
Potions
 c - 6 potions of curing
 f - a potion of haste
 k - a potion of mutation
 m - a potion of agility {unknown}
 o - 3 potions of brilliance {unknown}
 r - a potion of degeneration {unknown}
 s - a potion of magic {unknown}
Comestibles
 d - 7 rations


   Skills:
 - Level 1.0 Fighting
 - Level 1.7 Dodging
 + Level 3.7 Unarmed Combat
 - Level 2.0 Spellcasting
 * Level 4.2 Transmutations


You had 2 spell levels left.
You knew the following spells:

 Your Spells              Type           Power        Failure   Level  Hunger
a - Beastly Appendage     Tmut           ##....       4%          1    ##.....
b - Sticks to Snakes      Tmut           ##......     6%          2    ###....
c - Spider Form           Tmut/Pois      #.........   30%         3    ####...

Your spell library contained the following spells:

 Spells                   Type           Power        Failure   Level  Hunger
 Ice Form                 Ice/Tmut       #.......     69%         4    #####..
 Blade Hands              Tmut           ##........   75%         5    ######.


Dungeon Overview and Level Annotations

Branches:
Dungeon (4/15)
 Temple: D:4-7

Altars:


Innate Abilities, Weirdness & Mutations

You have sharp toenails.
You are partially covered in iridescent scales. (AC +2)
A weak demonic guardian rushes to your aid.
You are slightly more attuned to the shadows.


Message History

The orc wizard is almost dead.
The orc wizard hits you with a +0 dagger.
* * * LOW HITPOINT WARNING * * *
The orc hits you with a +0 flail of holy wrath.
* * * LOW HITPOINT WARNING * * *
You convulse.
* * * LOW HITPOINT WARNING * * *
The hound bites you but does no damage. The orc hits you with a +3 dagger.
* * * LOW HITPOINT WARNING * * *
The phantom closely misses you.
You barely miss the orc wizard.
The orc wizard is almost dead.
The orc wizard mumbles some strange words.
The orc wizard flickers and vanishes!
Deactivating autopickup; reactivate with Ctrl-A.
The hound barely misses you.
You hit the orc.
The orc is moderately wounded.
The orc completely misses you. The orc misses you. Something hits you.
You die...

## *,,* ### *,,* ####.# *.#* *
##....# *#.# * ......#
####..##**** *** ......#
#####......##,,** *,+
.....#####...........#.,,*** *,*
................oh.....,,,,** *,*
.....######.....@).....,,,,,***,*
....## #....o{W.....,,,,,,,,,*
....# ##...........,,,,,,,***
...## *#............,,,,,,,,**
..## #.............,,,,,,,,,* .##
#.............,,,,,,,,,, ##
#####..####...,,,,,,,,,, ****
**,,,,,,,,,,,* **,,,,,,,,,,*


You could see a phantom, a hound and 2 orcs.

Vanquished Creatures
  A hound (D:4)
  2 worker ants
  A hound zombie (D:3)
  2 adders (D:2)
  A worm (D:3)
  2 orcs (D:4)
  A ball python (D:3)
  7 bats
  2 giant cockroaches
  6 hobgoblins
  A quokka (D:3)
  7 frilled lizards
  5 goblins
  8 kobolds
  3 rats
49 creatures vanquished.

Notes
Turn   | Place    | Note
-------+----------+-------------------------------------------
     0 | D:1      | kae the Demonspawn Transmuter began the quest for the Orb.
     0 | D:1      | Reached XP level 1. HP: 15/15 MP: 3/3
   124 | D:1      | Reached skill level 2 in Transmutations
   447 | D:1      | Gained mutation: You are slightly more attuned to the
                  | shadows. [demonic ancestry]
   447 | D:1      | Reached XP level 2. HP: 17/21 MP: 3/5
  1077 | D:2      | Gained mutation: You have sharp toenails. [demonic
                  | ancestry]
  1077 | D:2      | Reached XP level 3. HP: 26/26 MP: 6/6
  1125 | D:2      | Reached skill level 3 in Transmutations
  1494 | D:3      | Learned a level 2 spell: Sticks to Snakes
  1498 | D:3      | Learned a level 3 spell: Spider Form
  1922 | D:3      | Gained mutation: You are partially covered in iridescent
                  | scales. (AC +2) [demonic ancestry]
  1922 | D:3      | Reached XP level 4. HP: 31/32 MP: 5/7
  2277 | D:4      | Noticed a phantom
  2497 | D:4      | Reached skill level 4 in Transmutations
  2497 | D:4      | Gained mutation: A weak demonic guardian rushes to your
                  | aid. [demonic ancestry]
  2497 | D:4      | Reached XP level 5. HP: 28/37 MP: 6/8
  2567 | D:4      | Noticed a phantom
  2579 | D:4      | HP: 1/55 [orc/+3 dagger (2)]
  2581 | D:4      | Slain by an orc wizard

Levels and vault maps discovered:
D:1:      zaba_arrival_water, layout_loops_ring, minmay_pentomino_v2
D:2:      layout_rooms, first_ration
D:3:      layout_basic, minmay_misc_feat_cross, fountainhead
D:4:      layout_cave_pods, ashenzari_altar_1, kennysheep_minor_cross

Skill      XL: |  1  2  3  4 |
---------------+-------------+-----
Transmutations | 2 3 4 |  4.2
Unarmed Combat | 3 |  3.7
Fighting       | |  1.0
Dodging        | |  1.7
Spellcasting   | |  2.0

Action                   |  1- 3 |  4- 6 || total
-------------------------+-------+-------++-------
Melee: Unarmed           |   146 |    62 ||   208
       Headbutt          |    14 |       ||    14
       Punch             |     5 |     2 ||     7
 Cast: Beastly Appendage |    15 |       ||    15
       Spider Form       |       |     2 ||     2
       Sticks to Snakes  |       |     1 ||     1
  Use: Scroll            |     7 |     3 ||    10
       Potion            |     1 |     1 ||     2
 Stab: Sleeping          |     7 |     2 ||     9
  Eat: Chunk             |     4 |     1 ||     5
Armor: Robe              |    39 |    24 ||    63
       Skin              |       |     2 ||     2
Dodge: Dodged            |   100 |    44 ||   144

Table legend:
 A = Non-vault XP
 B = Vault XP
 C = Vault XP percentage of total XP
 D = Non-vault monster count
 E = Vault monster count
 F = Vault count percentage of total count
                 A         B        C        D         E       F
            +---------+---------+-------+---------+---------+-------
      Total |     228 |       1 |   0.4 |      48 |       1 |   2.0
            +---------+---------+-------+---------+---------+-------
        D:1 |      12 |       1 |   7.7 |       9 |       1 |  10.0
        D:2 |      49 |       0 |   0.0 |      18 |       0 |   0.0
        D:3 |      84 |       0 |   0.0 |      16 |       0 |   0.0
        D:4 |      83 |       0 |   0.0 |       5 |       0 |   0.0
            +---------+---------+-------+---------+---------+-------
